 Dungeon Crawl Stone Soup version 0.27-a0-412-g8dd771eca2 (webtiles) character file.

Game seed: 13742315951058613436

130 dickylongcocking the Grave Robber (level 4, -2/24 HPs)
             Began as a Deep Elf Necromancer on Feb 23, 2021.
             Slain by an orc
             ... wielding a +0 trident
              (8 damage)
             ... on level 3 of the Dungeon.
             The game lasted 00:01:47 (2839 turns).

dickylongcocking the Grave Robber (DENe)            Turns: 2839, Time: 00:01:47

Health: -2/24      AC:  3    Str:  4 (5)  XL:     4   Next: 90%
Magic:  9/12       EV: 13    Int: 19 (21) God:
Gold:   96         SH:  0    Dex: 15      Spells: 10/11 levels left

rFire    . . .     SeeInvis .   e - +1 dagger (venom)
rCold    . . .     Faith    .   (no shield)
rNeg     . . .     Spirit   .   a - +0 robe
rPois    .         Reflect  .   h - +1 hat {Stlth+}
rElec    .         Harm     .   (no cloak)
rCorr    .         Rampage  .   (no gloves)
Will     .....                  (no boots)
Stlth    ++........             (no amulet)
HPRegen  0.08/turn              (no ring)
MPRegen  0.13/turn              (no ring)

@: lethally poisoned (-2 -> -4), attractive
A: no striking features
a: no special abilities


You were on level 3 of the Dungeon.
You visited 1 branch of the dungeon, and saw 3 of its levels.

You collected 96 gold pieces.

Inventory:

Hand Weapons
 e - a +1 dagger of venom (weapon)
Armour
 a - a +0 robe (worn)
 h - a +1 hat of stealth (worn)
Jewellery
 f - a ring of magical power {unknown}
Wands
 b - a wand of iceblast (7)
Scrolls
 c - 2 scrolls of identify {unknown}
 g - a scroll of teleportation {unknown}


   Skills:
 + Level 0.1 Fighting
 + Level 0.6 Short Blades
 + Level 3.1 Dodging
 + Level 3.0 Stealth
 + Level 4.3 Spellcasting
 + Level 6.2 Necromancy


You had 10 spell levels left.
You knew the following spells:

 Your Spells              Type           Power        Failure   Level
a - Pain                  Necr           100%         1%          1

Your spell library contained the following spells:

 Spells                   Type           Power        Failure   Level
 Animate Skeleton         Necr           54%          1%          1
 Vampiric Draining        Necr           13%          3%          3
 Animate Dead             Necr           13%          10%         4
 Agony                    Necr           27%          28%         5


Dungeon Overview and Level Annotations

Branches:
Dungeon (3/15)

Altars:


Message History

The adder closely misses you.
It was a potion of attraction.
You feel attractive to monsters. The adder bites you.
You barely miss the adder.
The adder is moderately wounded.
You feel sick. The adder barely misses you. The adder closely misses you.
You barely miss the adder.
The adder is moderately wounded.
The adder bites you.
You hit the adder but do no damage.
The adder looks as sick as possible!
The adder is heavily wounded.
The adder barely misses you.
Casting: Pain (safe; 1% risk of failure)
Confirm with . or Enter, or press ? or * to list all spells.
Aiming: Pain (safe; 1% risk of failure)
Press: ? - help, Shift-Dir - straight line, f - adder
Aim: an adder (severely wounded, extremely poisoned, chance to affect: 89%)
The adder writhes in agony!
You kill the adder!
The orc misses you. The orc is pulled toward you!
You feel your strength returning.
Your Stealth skill increases to level 3!
Casting: Pain (safe; 1% risk of failure)
Confirm with . or Enter, or press ? or * to list all spells.
Aiming: Pain (safe; 1% risk of failure)
Press: ? - help, Shift-Dir - straight line, f - orc
Aim: an orc, wielding a +0 dagger (chance to affect: 93%)
The orc writhes in agony!
You kill the orc!
You feel sick. The orc barely misses you. The orc closely misses you.
The orc is pulled toward you!
Unknown command.
Casting: Pain (safe; 1% risk of failure)
Confirm with . or Enter, or press ? or * to list all spells.
Aiming: Pain (safe; 1% risk of failure)
Press: ? - help, Shift-Dir - straight line, f - orc
Aim: an orc, wielding a +0 trident (chance to affect: 93%)
The orc writhes in agony.
The orc hits you with a +0 trident!
You die...

.# # .# .# # .# .. .#####
###. ... ...... ........ ..#
...... ...... .. ######
###...#########.#..## ......
......#.@o....†...... ######
###....#o###..#.<.##.. ......
..................... #######
##.####.###..#....... #.....#
#....................
#.....###..###.####..........
#.....##.....#†..<...........
.............#..#####.#..###.
########.....#..# .. ..


You could see 2 orcs.

Vanquished Creatures
  7 adders
  An ooze (D:2)
  A worm (D:2)
  4 dart slugs
  2 leopard geckos (D:2)
  An orc (D:3)
  7 bats
  3 giant cockroaches
  4 goblins
  3 hobgoblins (D:2)
  3 jackals (D:2)
  2 kobolds
  3 quokkas (D:2)
  4 frilled lizards
  6 rats
51 creatures vanquished.

Vanquished Creatures (others)
  A plant (D:1)
1 creature vanquished.

Grand Total: 52 creatures vanquished

Notes
Turn   | Place    | Note
-------+----------+-------------------------------------------
     0 | D:1      | dickylongcocking the Deep Elf Necromancer began the quest
                  | for the Orb.
     0 | D:1      | Reached XP level 1. HP: 10/10 MP: 6/6
   147 | D:1      | Reached skill level 5 in Necromancy
   461 | D:1      | Reached XP level 2. HP: 15/15 MP: 8/8
  1071 | D:2      | Reached XP level 3. HP: 11/19 MP: 5/9
  1537 | D:2      | Reached skill level 6 in Necromancy
  1537 | D:2      | Reached XP level 4. HP: 9/24 MP: 2/11
  2839 | D:3      | Slain by an orc

Illustrated notes

Levels and vault maps discovered:
D:1:      wander_arrival_fairy_ring, layout_basic,
          hangedman_abyss_or_decor_stabs
D:2:      cheibrodos_helix_gallery, layout_basic
D:3:      layout_basic, tgw_xom

Skill      XL: |  1  2  3  4 |
---------------+-------------+-----
Necromancy     | 5 6 |  6.2
Dodging        | 3 |  3.1
Spellcasting   | 4 |  4.3
Stealth        | 3 |  3.0
Fighting       | |  0.1
Short Blades   | |  0.6

Action                   |  1- 3 |  4- 6 || total
-------------------------+-------+-------++-------
Melee: Dagger            |    20 |    45 ||    65
       Unarmed           |     2 |       ||     2
 Cast: Pain              |    35 |    21 ||    56
  Use: Potion            |     3 |     1 ||     4
 Stab: Sleeping          |     3 |     5 ||     8
Armor: Robe              |    13 |     9 ||    22
Dodge: Dodged            |    30 |    45 ||    75

Table legend: (Time is in decaauts)
 A = Elapsed time spent in this place.
 B = Non-inter-level travel time spent in this place.
 C = Inter-level travel time spent in this place.
 D = Time resting spent in this place.
 E = Time spent auto-exploring this place.
 F = Levels seen in this place.
 G = Mean time per level.
                   A        B        C        D        E       F      G
               +--------+--------+--------+--------+--------+-----+--------+
         Total |   2839 |   2802 |     37 |    937 |   1501 |   3 |  946.3 |
       Dungeon |   2839 |   2802 |     37 |    937 |   1501 |   3 |  946.3 |
               +--------+--------+--------+--------+--------+-----+--------+

Top non-repeatable levels by time:
     D:2: 1736 daAuts
     D:1: 953 daAuts
     D:3: 149 daAuts
